 Seeded DCSS version 0.28-a0-1555-g9ae15a6949 (webtiles) character file.

Game seed: 85 (custom seed)

1 knot the Skirmisher (level 1, -3/27 HPs)
             Began as a Demonspawn Berserker on Jan 19, 2022.
             Was a Follower of Trog.
             Slain by a goblin (4 damage)
             ... on level 1 of the Dungeon.
             The game lasted 00:00:08 (38 turns).

knot the Skirmisher (Demonspawn Berserker)            Turns: 38, Time: 00:00:09

Health: -3/27      AC:  2    Str: 17    XL:     1   Next: 16%
Magic:  1/1        EV: 12    Int:  8    God:    Trog [*.....]
Gold:   0          SH:  0    Dex: 12    Spells: 0/0 levels left

rFire   . . .      SeeInvis .   a - +0 hand axe
rCold   . . .      Faith    .   (no shield)
rNeg    . . .      Spirit   .   b - +0 animal skin
rPois   .          Reflect  .   (no helmet)
rElec   .          Harm     .   (no cloak)
rCorr   .          Rampage  .   (no gloves)
Will    .....                   (no boots)
Stlth   ..........              (no amulet)
HPRegen 0.09/turn               (no ring)
MPRegen 0.07/turn               (no ring)

@: berserking, very quick
A: no striking features
a: Renounce Religion, Berserk


You were on level 1 of the Dungeon.
You worshipped Trog.
Trog was aware of your devotion.
You visited 1 branch of the dungeon, and saw 1 of its levels.

Inventory:

Hand Weapons
 a - a +0 hand axe (weapon)
Armour
 b - a +0 animal skin (worn)
Potions
 c - a potion of haste {unknown}
 d - a potion of berserk rage {unknown}


   Skills:
 - Level 3.0 Fighting
 + Level 2.8 Axes
 - Level 1.7 Armour
 - Level 1.7 Dodging


You couldn't memorise any spells.
You didn't know any spells.
Your spell library was empty.

Dungeon Overview and Level Annotations

Branches:
Dungeon (1/15)

Altars:

Shops:
D:1 (


Message History

c - a bubbling dark potion
Found Cuowasu's Weapon Shoppe.
d - a metallic sapphire potion No target in view!
There is an entrance to Cuowasu's Weapon Shoppe here.
A giant cockroach comes into view.
Found a scroll labelled NANKYT SICAODGH.
A giant cockroach is nearby!
A giant cockroach is nearby!
An endoplasm and 2 goblins come into view.
The goblin shouts!
The endoplasm quivers.
The goblin shouts!
You hit the giant cockroach.
You kill the giant cockroach!
Trog accepts your kill.
A ball python comes into view.
You completely miss the goblin. You barely miss the goblin.
The goblin hits you but does no damage. The goblin hits you with a +0 dagger.
You hit the goblin.
The goblin is heavily wounded.
You hit the endoplasm. You closely miss the goblin.
The goblin hits you but does no damage. The endoplasm freezes you.
You are frozen.
The goblin barely misses you.
You barely miss the goblin.
The goblin is heavily wounded.
You hit the goblin. You hit the endoplasm. The goblin hits you with a +0 club.
The endoplasm freezes you.
You are frozen.
The goblin hits you with a +0 dagger.
* * * LOW HITPOINT WARNING * * *
You are too injured to fight recklessly!
Unknown command.
A red film seems to cover your vision as you go berserk!
You feel yourself moving faster!
You feel mighty! The goblin barely misses you. The endoplasm freezes you.
You are frozen.
* * * LOW HITPOINT WARNING * * *
The goblin hits you with a +0 dagger.
You die...

#. #..# .#
.####..##.
......#.#
#.....#.+
#.#.....#+#
#..S.....
#ggJ.#
########
#@..#
#......#
##..#
#.###.##
##...# #.#
#.#
##....###.#
#∩# ♣
#.........#
#.##♣♣♣♣
.........####
#..#♣..♣
##.#####.#
#.....♣. #.
#.# #....♣♣♣
# #.# #.##.♣
♣


You could see an endoplasm, 2 goblins and a ball python.

Vanquished Creatures
  A giant cockroach (D:1)
1 creature vanquished.

Notes
Turn   | Place    | Note
-------+----------+-------------------------------------------
     0 | D:1      | knot the Demonspawn Berserker began the quest for the Orb.
     0 | D:1      | Reached XP level 1. HP: 18/18 MP: 1/1
    10 | D:1      | Found Cuowasu's Weapon Shoppe.
    38 | D:1      | HP: 1/27 [frozen (4)]
    38 | D:1      | Slain by a goblin

Illustrated notes

Levels and vault maps discovered:
D:1:      roderic_dead_forest, layout_loops_ring, serial_shops, shop_coins,
          nicolae_shop_behind_doors, nicolae_shop_hallway_plus, shop, shop,
          shapermc_ecumenical_altar_ellora, minmay_misc_feat_tiny

Action                   || total
-------------------------++-------
Melee: Hand axe          ||     4
Invok: Berserk           ||     1
Armor: Animal skin       ||     2
Dodge: Dodged            ||     2

Table legend: (Time is in decaauts)
 A = Elapsed time spent in this place.
 B = Non-inter-level travel time spent in this place.
 C = Inter-level travel time spent in this place.
 D = Time resting spent in this place.
 E = Time spent auto-exploring this place.
 F = Levels seen in this place.
 G = Mean time per level.
                   A        B        C        D        E       F      G
               +--------+--------+--------+--------+--------+-----+--------+
         Total |     38 |     38 |      0 |      0 |     26 |   1 |   38.0 |
       Dungeon |     38 |     38 |      0 |      0 |     26 |   1 |   38.0 |
               +--------+--------+--------+--------+--------+-----+--------+

Top non-repeatable levels by time:
     D:1: 38 daAuts
